 Dungeon Crawl Stone Soup version 0.31-a0-188-g5e087ee2ca (webtiles) character file.

Game seed: 16353642941657372230

93 qw the Shooter (level 4, 0/25 HPs)
             Began as a Deep Elf Hunter on June 23, 2023.
             Succumbed to their own poison gas
             ... on level 2 of the Dungeon.
             The game lasted 00:00:40 (1405 turns).

qw the Shooter (Deep Elf Hunter)                    Turns: 1405, Time: 00:00:40

Health: 0/25       AC:  6    Str: 10    XL:     4   Next: 37%
Magic:  6/6        EV: 13    Int: 14    God:
Gold:   124        SH:  0    Dex: 24    Spells: 3/3 levels left

rFire   + + .        Y - +1 shortbow
rCold   + . .        (shield currently unavailable)
rNeg    + . .        c - +0 leather armour
rPois   .            g - +2 helmet "Luid Til" {rF++ rN+ Will-}
rElec   .            (no cloak)
rCorr   +            (no gloves)
SInv    +            (no boots)
Will    .....        (no amulet)
Stlth   ++           i - ring of Jattudgh {rC+ rCorr SInv}
HPRegen 0.24/turn    a - +6 ring of dexterity
MPRegen 0.10/turn

%: no passive effects
@: lethally poisoned (0 -> -3)
A: no striking features
a: no special abilities


You were on level 2 of the Dungeon.
You visited 1 branch of the dungeon, and saw 2 of its levels.

You collected 124 gold pieces.


   Skills:
 - Level 1.5 Fighting
 - Level 7.8 Ranged Weapons
 + Level 2.4 Dodging
 - Level 1.2 Stealth


You had 3 spell levels left.
You didn't know any spells.
Your spell library was empty.

Inventory:

Hand Weapons
 Y - a +1 shortbow (weapon)
Armour
 c - a +0 leather armour (worn)
 g - the +2 helmet "Luid Til" (worn) {rF++ rN+ Will-}
   (You acquired it on level 2 of the Dungeon)

   rF:        It greatly protects you from fire.
   rN:        It protects you from negative energy.
   Will:      It decreases your willpower.
Jewellery
 a - a +6 ring of dexterity (right hand)
 i - the ring of Jattudgh (left hand) {rC+ rCorr SInv}
   (You acquired it on level 2 of the Dungeon)

   [ring of protection from cold]

   rC:        It protects you from cold.
   SInv:      It lets you see invisible.
   rCorr:     It protects you from acid and corrosion.
 k - a +4 ring of slaying {mikee}
Scrolls
 f - a scroll of identify
Potions
 b - a potion of curing {unknown}
 e - a potion of brilliance {unknown}
 h - a potion of mutation {unknown}

Dungeon Overview and Level Annotations

Branches:
Dungeon (2/15)

Altars:


Message History

You assume a fearsome visage.
Nothing appears to happen.
It was a scroll of fear.
Done exploring.
1397 ||| DROPPING 2 scrolls of fear.
You drop 2 scrolls of fear.
Done exploring.
(D) Dungeon
Where to? (* - list waypoints, Enter - D:2, ? - help)
What level of the Dungeon? (default 1, ? - help) Sorry, I don't know how to get there.
Enter note:
Enter note:
Enter note:
Enter note:
Enter note:
Enter note:
Enter note:
Enter note:
Enter note:
Enter note:
Enter note:
Enter note: Really walk into that cloud of poison gas?
You are engulfed in poison gas.
You are poisoned.
You feel very sick.
1399 ||| Stepping ~*~*~tactically~*~*~ (cloud).
You feel very sick.
Things that are here:
2 scrolls of fear; a +0 helmet; a ring of resist corrosion
There is a lethal amount of poison in your body!
You feel very sick.
There is a lethal amount of poison in your body!
You feel sick.
There is a lethal amount of poison in your body!
You feel sick.
There is a lethal amount of poison in your body!
You feel sick.
There is a lethal amount of poison in your body!
You feel sick.
There is a lethal amount of poison in your body!
You die...

#........#.# #.....##..##.#####
#....#.###.###¤¤.¤.....##.#####
#....#.......#.0¤..............
#....#...#...¤¤00..##.#########
#....#...#####¤0......########.
#....#...# #0..............#.
#....#...# #0##.##.####.####.
######...#####0##.#.......# ##
#...+¤¤¤0@##.#..####.#
#...###¤.¤##.#..# #.# #...#
#¤¤¤##.#..# #.# ##.##
#000##.#..# #.# ### #.#
#00¤##.#..####.# #.. #.#
######.#.......# #.. #.#
#.#..####)###..
#)#########.#............
#.........#...#####.##...


There were no monsters in sight!

Vanquished Creatures
  Robin (D:2)
  2 adders (D:2)
  A worm (D:2)
  A dart slug (D:2)
  2 ball pythons
  2 bats (D:1)
  3 endoplasms
  2 giant cockroaches (D:2)
  13 goblins
  5 hobgoblins
  3 jackals (D:2)
  4 kobolds
  6 quokkas
  3 frilled lizards
  5 rats
53 creatures vanquished.

Notes
Turn   | Place    | Note
-------+----------+-------------------------------------------
     0 | D:1      | qw the Deep Elf Hunter began the quest for the Orb.
     0 | D:1      | Reached XP level 1. HP: 12/12 MP: 3/3
     0 | D:1      | 0 ||| qw: Version: 0.3-a-9-g12657ce
     0 | D:1      | 0 ||| qw: Game counter: 3276
     0 | D:1      | 0 ||| qw: Always use a shield: true
     0 | D:1      | 0 ||| qw: God list: Okawaru
     0 | D:1      | 0 ||| qw: Allow faded altars: false
     0 | D:1      | 0 ||| qw: Do Orc after D:15 true
     0 | D:1      | 0 ||| qw: Do second Lair branch before Depths: true
     0 | D:1      | 0 ||| qw: Lair rune preference: random
     0 | D:1      | 0 ||| qw: Plans: Normal
     0 | D:1      | 0 ||| PLANNING D:1-11
   152 | D:1      | Reached XP level 2. HP: 16/16 MP: 4/4
   259 | D:1      | Reached skill level 6 in Ranged Weapons
   277 | D:1      | 277 ||| FLEEEEING.
   775 | D:1      | 775 ||| UPGRADING to +4 ring of slaying {mikee}.
   776 | D:1      | 776 ||| READING 2 scrolls labelled TAMNAAT JIESHRUT.
   777 | D:1      | 777 ||| READING scroll labelled QIDULECZ JAIG.
   778 | D:1      | 778 ||| READING 2 scrolls labelled CYDAETSECEL.
   779 | D:1      | 779 ||| READING scroll labelled EMAWUNL DUCEY.
   780 | D:1      | 780 ||| DROPPING scroll of fog.
   781 | D:1      | 781 ||| DROPPING scroll of butterflies.
   843 | D:2      | Reached XP level 3. HP: 20/20 MP: 5/5
   948 | D:2      | Reached skill level 7 in Ranged Weapons
   991 | D:2      | Reached XP level 4. HP: 25/25 MP: 6/6
  1128 | D:2      | Noticed Robin
  1132 | D:2      | Killed Robin
  1366 | D:2      | 1366 ||| UPGRADING to +0 helmet.
  1371 | D:2      | 1371 ||| UPGRADING to ring of resist corrosion.
  1372 | D:2      | 1372 ||| UPGRADING to +6 ring of dexterity.
  1374 | D:2      | 1374 ||| UPGRADING to +4 ring of slaying {mikee}.
  1376 | D:2      | 1376 ||| DROPPING ring of resist corrosion.
  1377 | D:2      | 1377 ||| READING 2 scrolls labelled WEYM LECOO.
  1377 | D:2      | Identified 2 scrolls of acquirement
  1377 | D:2      | 1377 ||| ACQUIRING ring of Jattudgh {rC+ rCorr SInv}
  1377 | D:2      | Acquired the ring of Jattudgh {rC+ rCorr SInv}
  1378 | D:2      | 1378 ||| READING scroll of acquirement.
  1378 | D:2      | 1378 ||| ACQUIRING +2 helmet "Luid Til" {rF++ rN+ Will-}
  1378 | D:2      | Acquired the +2 helmet "Luid Til" {rF++ rN+ Will-}
  1380 | D:2      | 1380 ||| UPGRADING to +2 helmet "Luid Til" {rF++ rN+
                  | Will-}.
  1390 | D:2      | 1390 ||| DROPPING +0 helmet.
  1391 | D:2      | 1391 ||| UPGRADING to ring of Jattudgh {rC+ rCorr SInv}.
  1393 | D:2      | 1393 ||| UPGRADING to +6 ring of dexterity.
  1395 | D:2      | 1395 ||| READING scroll labelled ZUUTIQ ELYHE.
  1396 | D:2      | 1396 ||| READING 3 scrolls labelled ODETOO JAGOCA.
  1397 | D:2      | 1397 ||| DROPPING 2 scrolls of fear.
  1399 | D:2      | 1399 ||| Stepping ~*~*~tactically~*~*~ (cloud).
  1401 | D:2      | HP: 5/25 [poisoned by you (poison gas)]
  1403 | D:2      | HP: 1/25 [poisoned by you (poison gas)]
  1405 | D:2      | Succumbed to their own poison gas

Levels and vault maps discovered:
D:1:      minmay_arrival_wavy_path, layout_loops_ring
D:2:      layout_basic, minmay_tree_intersection, uniq_robin

Skill      XL: |  1  2  3 |
---------------+----------+-----
Ranged Weapons | 6 7 |  7.8
Fighting       | |  1.5
Dodging        | |  2.4
Stealth        | |  1.2

Action                     |  1- 3 |  4- 6 || total
---------------------------+-------+-------++-------
   Fire: Shortbow          |    92 |    26 ||   118
    Use: Scroll            |     4 |     4 ||     8
 Armour: Leather armour    |     5 |       ||     5
  Dodge: Dodged            |    18 |       ||    18

Table legend:
 A = Non-vault XP
 B = Vault XP
 C = Vault XP percentage of total XP
 D = Non-vault monster count
 E = Vault monster count
 F = Vault count percentage of total count
                 A         B        C        D         E       F
            +---------+---------+-------+---------+---------+-------
      Total |      99 |      35 |  26.1 |      41 |      12 |  22.6
            +---------+---------+-------+---------+---------+-------
        D:1 |      35 |       0 |   0.0 |      20 |       0 |   0.0
        D:2 |      64 |      35 |  35.4 |      21 |      12 |  36.4
            +---------+---------+-------+---------+---------+-------
